 Dungeon Crawl Stone Soup version 0.24-a0-335-g06ca16af6c (webtiles) character file.

Game seed: 6988021859870842312

909 MachJacob the Gusty (level 7, -3/50 HPs)
             Began as a Green Draconian Air Elementalist on May 20, 2019.
             Killed from afar by an electric eel (12 damage)
             ... with a bolt of electricity
             ... on level 6 of the Dungeon.
             The game lasted 00:19:20 (6702 turns).

MachJacob the Gusty (DrAE)                          Turns: 6702, Time: 00:19:20

Health: -3/50      AC: 12    Str: 10    XL:     7   Next: 81%
Magic:  11/12      EV: 13    Int: 18    God:
Gold:   311        SH:  0    Dex: 11    Spells: 7/13 levels left

rFire    . . .     SeeInvis .   a - +2 dagger (elec)
rCold    . . .     Gourm    .   (no shield)
rNeg     . . .     Faith    .   (armour unavailable)
rPois    +         Spirit   .   (helmet restricted)
rElec    .         Reflect  .   (no cloak)
rCorr    .         Harm     .   u - +2 pair of gloves
MR       .....                  v - +2 pair of boots
Stlth    +.........             (no amulet)
HPRegen  0.16/turn              (no ring)
MPRegen  0.13/turn              (no ring)

@: very slow
A: breathe noxious fumes, unfitting armour, poison resistance, cold-blooded, AC
+6
a: Breathe Noxious Fumes


You were on level 6 of the Dungeon.
You were very hungry.

You visited 1 branch of the dungeon, and saw 6 of its levels.
You also visited: Sewer.

You collected 311 gold pieces.

Inventory:

Hand Weapons
 a - a +2 dagger of electrocution (weapon)
 z - a cursed -1 great sword
Armour
 u - a +2 pair of gloves (worn)
 v - a +2 pair of boots (worn)
Jewellery
 f - an uncursed amulet of harm {unknown}
 l - an uncursed amulet of the gourmand {unknown}
 o - an uncursed amulet of faith {unknown}
 q - an uncursed ring of ice
Wands
 t - a wand of enslavement (10)
 w - a wand of random effects (13)
Scrolls
 e - 3 scrolls of remove curse
 j - a scroll of enchant weapon
 n - a scroll of enchant armour
 s - a scroll of identify
 x - a scroll of immolation {unknown}
 y - a scroll of blinking
Potions
 c - 2 potions of flight
 d - 2 potions of lignification
 g - 2 potions of berserk rage
 h - 2 potions of might
 i - 2 potions of brilliance
 k - a potion of haste
 m - 4 potions of curing
 p - a potion of resistance
 r - a potion of ambrosia
Comestibles
 b - 9 rations
 A - 2 chunks of flesh


   Skills:
 + Level 3.7 Dodging
 - Level 1.7 Stealth
 + Level 3.7 Spellcasting
 * Level 5.1 Conjurations
 * Level 6.0 Air Magic


You had 7 spell levels left.
You knew the following spells:

 Your Spells              Type           Power        Failure   Level  Hunger
a - Shock                 Conj/Air       ###.         1%          1    None
b - Swiftness             Chrm/Air       ##......     7%          2    ##.....
c - Static Discharge      Conj/Air       ###.....     4%          3    ###....

Your spell library contained the following spells:

 Spells                   Type           Power        Failure   Level  Hunger
 Airstrike                Air            ####......   13%         4    ####...
 Summon Small Mammal      Summ           #...         16%         1    None
 Call Imp                 Summ           #.......     22%         2    ##.....
 Lightning Bolt           Conj/Air       ###.......   38%         5    ######.
 Call Canine Familiar     Summ           #.......     41%         3    ###....
 Summon Guardian Golem    Hex/Summ       #.......     41%         3    ###....
 Summon Lightning Spire   Summ/Air       ##......     41%         4    ####...
 Summon Ice Beast         Ice/Summ       #.......     83%         4    ####...


Dungeon Overview and Level Annotations

Branches:
Dungeon (6/15)
 Temple: D:4-7

Altars:


Innate Abilities, Weirdness & Mutations

You can breathe blasts of noxious fumes.
Your lurid green scales are hard. (AC +6)
You cannot fit into any form of body armour.
Your system is resistant to poisons. (rPois)
You are cold-blooded and may be slowed by cold attacks.


Message History

You are too injured to fight recklessly!
The electric eel shoots out a bolt of lightning at you!
The bolt of electricity hits you!
* * * LOW HITPOINT WARNING * * *
The bolt of electricity hits you.
* * * LOW HITPOINT WARNING * * *
Okay, then.
Evoke which item? (* to show all) (? for menu, Esc to quit)
Aiming: Enslavement
Press: ? - help, Shift-Dir - straight line, f - electric eel
Aim: an electric eel (chance to defeat MR: 54%)
The electric eel resists with significant effort.
Evoke which item? (* to show all) (? for menu, Esc to quit)
Aiming: Enslavement
Press: ? - help, Shift-Dir - straight line, f/p - electric eel
Aim: an electric eel (chance to defeat MR: 54%)
The electric eel resists with significant effort.
The electric eel shoots out a bolt of lightning at you!
The bolt of electricity misses you. The bolt of electricity hits you!
You die...

#.#.##.##.#.# #.###
#.#.##.##...#≈≈.≈≈#
####.#.##.##.#.≈≈≈≈≈#≈w##
.......##..#.#≈#≈≈≈≈≈≈≈≈##
#........;≈≈≈≈≈..≈≈≈≈≈#
##....<..#≈≈≈≈.♣.≈≈≈≈≈w
##..##.###≈≈≈≈≈.(≈≈≈≈≈≈
........≈;#≈≈≈≈≈.≈≈≈≈≈#≈
####..##.@#≈≈≈≈≈($.≈≈≈≈≈≈
#..##..≈≈≈≈#≈.<.≈≈≈≈≈≈
....###≈≈#≈≈≈≈?..≈≈≈≈≈≈
...... #≈≈≈≈≈≈≈≈.≈≈≈≈≈≈≈
###... ..≈≈≈≈≈†≈.≈≈#≈≈≈#
#.#.≈≈≈≈≈.%≈.≈ ≈≈w
#..#≈≈≈≈≈?..≈≈#≈≈.
#####≈≈≈≈≈≈≈#≈≈≈ .
..w≈≈≈;≈≈≈.#


w You could see an electric eel.

Vanquished Creatures
  A phantom (D:5)
  2 ogres
  A centaur (D:5)
  A crocodile (Sewer)
  A crimson imp (D:5)
  A centaur zombie (D:5)
  2 orc priests (D:3)
  2 hounds (D:5)
  A centaur skeleton (D:4)
  Terence (D:2)
  2 worker ants
  7 adders
  3 worms
  5 dart slugs
  6 leopard geckos (D:4)
  12 orcs
  11 giant cockroaches
  7 goblins
  7 hobgoblins
  12 jackals
  3 quokkas
  A ball python (D:1)
  12 bats
  3 frilled lizards
  8 kobolds
  9 rats
121 creatures vanquished.

Vanquished Creatures (collateral kills)
  2 dart slugs (D:6)
2 creatures vanquished.

Grand Total: 123 creatures vanquished

Notes
Turn   | Place    | Note
-------+----------+-------------------------------------------
     0 | D:1      | MachJacob the Draconian Air Elementalist began the quest
                  | for the Orb.
     0 | D:1      | Reached XP level 1. HP: 14/14 MP: 3/3
   314 | D:1      | Reached XP level 2. HP: 20/20 MP: 0/5
   412 | D:1      | Learned a level 2 spell: Swiftness
  1148 | D:1      | Reached XP level 3. HP: 16/26 MP: 0/6
  1526 | D:2      | Learned a level 3 spell: Static Discharge
  1791 | D:2      | Reached XP level 4. HP: 31/33 MP: 0/7
  2028 | D:2      | Noticed Terence
  2058 | D:2      | Killed Terence
  2058 | D:2      | Reached skill level 4 in Air Magic
  2680 | D:3      | Reached XP level 5. HP: 26/38 MP: 4/8
  2830 | D:3      | Found a faded altar of an unknown god.
  4060 | D:3      | Noticed an ogre
  4124 | D:3      | Killed an ogre
  4124 | D:3      | Reached XP level 6. HP: 45/45 MP: 5/10
  4369 | D:4      | Found a glowing drain.
  4389 | Sewer    | Entered a sewer
  4555 | Sewer    | Reached skill level 5 in Air Magic
  5222 | D:4      | Your scales start taking on a lurid green colour.
  5222 | D:4      | Reached XP level 7. HP: 50/50 MP: 6/12
  5222 | D:4      | Gained mutation: Your system is resistant to poisons.
                  | (rPois) [Green Draconian growth]
  5519 | D:5      | Entered Level 5 of the Dungeon
  6524 | D:5      | Reached skill level 5 in Conjurations
  6524 | D:5      | Reached skill level 6 in Air Magic
  6702 | D:6      | Killed from afar by an electric eel

Levels and vault maps discovered:
D:1:      dpeg_arrival_shrine, layout_loops_cross,
          chequers_serial_rivers_micro_a
D:2:      layout_loops_cross, uniq_terence
D:3:      layout_loops_corners, first_ration,
          chequers_ecumenical_altar_simple_redux, minmay_crystal_room
D:4:      layout_rooms, gup_sewer_entry_pipe, minivault_11
D:5:      layout_basic
D:6:      kennysheep_slugbush, layout_loops_ring, makhleb_blood_cavern_becter,
          uniq_edmund

Skill      XL: |  1  2  3  4  5  6  7 |
---------------+----------------------+-----
Dodging        | 2 3 |  3.7
Conjurations   | 2 3 4 5 |  5.1
Air Magic      | 4 5 6 |  6.0
Spellcasting   | 3 |  3.7
Stealth        | |  1.7

Action                   |  1- 3 |  4- 6 |  7- 9 || total
-------------------------+-------+-------+-------++-------
Melee: Dagger            |    18 |    20 |     3 ||    41
       Tailslap          |     1 |     1 |       ||     2
 Cast: Shock             |    85 |   151 |    58 ||   294
Evoke: Wand              |       |       |     3 ||     3
  Use: Scroll            |       |     9 |     7 ||    16
       Potion            |       |     1 |       ||     1
  Eat: Chunk             |     4 |    10 |     4 ||    18
Armor: Skin              |    12 |    21 |     5 ||    38
Dodge: Dodged            |    29 |    47 |    15 ||    91

Table legend:
 A = Non-vault XP
 B = Vault XP
 C = Vault XP percentage of total XP
 D = Non-vault monster count
 E = Vault monster count
 F = Vault count percentage of total count
                 A         B        C        D         E       F
            +---------+---------+-------+---------+---------+-------
      Total |    1108 |     191 |  14.7 |     104 |      19 |  15.4
            +---------+---------+-------+---------+---------+-------
        D:1 |      53 |       0 |   0.0 |      24 |       0 |   0.0
        D:2 |     101 |      36 |  26.3 |      26 |       1 |   3.7
        D:3 |     303 |       0 |   0.0 |      31 |       0 |   0.0
        D:4 |     200 |      18 |   8.3 |       7 |       7 |  50.0
        D:5 |     451 |       0 |   0.0 |      16 |       0 |   0.0
        D:6 |       0 |      17 | 100.0 |       0 |       5 | 100.0
      Sewer |       0 |     120 | 100.0 |       0 |       6 | 100.0
            +---------+---------+-------+---------+---------+-------
